 Dungeon Sprint DCSS version 0.29-a0-1027-gcd8c55af63 (webtiles) character file.

Game seed: 115631559091020385

15208 mhtbhm the Ninja (level 11, -20/56 HPs)
             Began as a Spriggan Brigand on Aug 13, 2022.
             Was the Champion of Dithmenos.
             Shot with a bolt by a yaktaur captain (38 damage)
             ... in the Dungeon (Sprint III: "The Ten Rune Challenge").
             The game lasted 00:11:13 (2539 turns).

mhtbhm the Ninja (Spriggan Brigand)                 Turns: 2539, Time: 00:11:14

Health: -20/56     AC:  4    Str:  7    XL:     11   Next: 98%
Magic:  22/22      EV: 27    Int: 13    God:    Dithmenos [******]
Gold:   1418       SH:  0    Dex: 21    Spells: 16/18 levels left

rFire   . . .      SeeInvis +   a - +5 quick blade
rCold   . . .      Faith    .   (no shield)
rNeg    . . .      Spirit   .   b - +1 robe of Baupies {rCorr Slay+4 Stlth+}
rPois   .          Reflect  .   (helmet restricted)
rElec   .          Harm     .   c - +0 cloak
rCorr   +          Rampage  .   (gloves unavailable)
Will    ++...      NoTele   +   (boots unavailable) Stlth #*********
                                (no amulet)
HPRegen 0.18/turn               (no ring)
MPRegen 0.18/turn               (no ring)

@: wreathed by umbra, very quick
A: very small, no large weapons, unfitting armour, see invisible, speed 3,
strong-willed 1
a: Renounce Religion, Shadow Step, Shadow Form


You were in the Dungeon.
You worshipped Dithmenos.
Dithmenos was exalted by your worship.
You visited 1 branch You collected 1982 gold pieces.
You spent 564 gold pieces at shops.

Inventory:

Hand Weapons
 a - a +5 quick blade (weapon)
Missiles
 d - 8 poisoned darts
 e - 9 curare-tipped darts (quivered)
Armour
 b - the +1 robe of Baupies (worn) {rCorr Slay+4 Stlth+}
   (You bought it in a shop in the Dungeon)

   Slay:      It affects your accuracy & damage with ranged weapons and melee
   (+4).
   rCorr:     It protects you from acid and corrosion.
   Stlth:     It makes you more stealthy.
 c - a +0 cloak (worn)
Wands
 q - a wand of acid (8)
Scrolls
 f - 4 scrolls of enchant weapon
 k - 2 scrolls of blinking
 m - a scroll of immolation
 n - a scroll of silence
 p - a scroll of torment {unknown}
Potions
 g - a potion of heal wounds
 h - a potion of haste
 i - 2 potions of magic
 j - a potion of berserk rage
 l - a potion of mutation
 o - 3 potions of flight
Miscellaneous
 r - a condenser vane (inert)


   Skills:
 + Level 6.3 Fighting
 + Level 12.3 Short Blades
 + Level 12.7 Throwing
 + Level 11.3 Dodging
 O Level 27 Stealth
 + Level 4.0 Spellcasting
 + Level 4.4 Transmutations
 * Level 14.0 Invocations
 + Level 4.6 Evocations


You had 16 spell levels left.
You knew the following spells:

 Your Spells              Type           Power      Damage    Failure   Level
a - Wereblood             Tmut           14%        N/A       4%          2

Your spell library contained the following spells:

 Spells                   Type           Power      Damage    Failure   Level
 Spider Form              Tmut/Pois      8%         N/A       26%         3
 Ensorcelled Hibernation  Hex/Ice        4%         N/A       30%         2
 Sublimation of Blood     Necr           2%         N/A       30%         2
 Anguish                  Hex/Necr       1%         N/A       90%         4
 Summon Hydra             Summ           1%         N/A       100%        7


Dungeon Overview and Level Annotations

Branches:
Dungeon (1/1)

Altars:
Cheibriados
Dithmenos
Elyvilon
Fedhas
Gozag
Hepliaklqana
Kikubaaqudgha
Makhleb
Nemelex Xobeh
Okawaru
Qazlal
Ru
Sif Muna
Trog
Uskayaw
Vehumet
Wu Jian
Xom
Yredelemnul
Zin
The Shining One
Jiyva
Lugonu

Shops:
D ?==?(([(!:[[

Annotations:
D exclusion: obsidian statue


Innate Abilities, Weirdness & Mutations

You are very small and have problems with some larger weapons.
You are too small for most types of armour.
You have supernaturally acute eyesight. (SInv)
You cover ground extremely quickly. (Speed+++)
You are strong-willed. (Will+)


Message History

Something hits the bush.
A slime creature is nearby!
Something hits the bush!
Something hits the bush but does no damage.
The slime creature misses you.
You puncture the slime creature!
The slime creature is moderately wounded.
Your shadow hits the slime creature with a quick blade.
Something hits the bush!
The bush is destroyed!
You hit the slime creature.
The slime creature is moderately wounded.
The slime creature completely misses you.
You puncture the slime creature!
The slime creature is heavily wounded.
You hit the slime creature.
The slime creature is heavily wounded.
You puncture the slime creature!
The slime creature is severely wounded.
Your shadow hits the slime creature with a quick blade.
You puncture the slime creature!
The slime creature is almost dead.
Your shadow hits the slime creature with a quick blade.
The slime creature completely misses you.
Okay, then.
The slime creature hits you!
There is an open door here.
Aiming: Corrosive Bolt
Press: ? - help, Shift-Dir - straight line, f - yaktaur captain
Aim: a yaktaur captain (severely wounded, poisoned, umbra, 91% to hit)
The bolt of acid hits the slime creature!!
You kill the slime creature!
Dithmenos accepts your kill.
The bolt of acid hits the yaktaur captain!!
The yaktaur captain is almost dead.
The yaktaur captain wields a +2 arbalest of chaos.
It is briefly surrounded by a scintillating aura of random colours.
The yaktaur captain shoots a bolt.
The bolt hits you!!!
Ouch! That really hurt!
You die...

###.......'..#...PP.#
##.#.#####.####......#
###..'.#)..'.#[.#.....§#
..'..#######.'.†#.c.§.§#
######.. ..#.####...§.§#
∩⌠⌠∩.#..#..#.#..#....§.#
∩⌠⌠∩.#.#)#.#.'..#......#
∩.∩∩.#....)#.#..#......#
∩∩∩∩.#)....#.#..@......#
.....#.#)#.'.#..#......#
#''###..#..#.#[.#.†....#
⌠..⌠.#)....###########+#
.....####### .....#
.....# .....# ######


You could see a yaktaur captain (poisoned).

Vanquished Creatures
  Harold (D)
  A fire dragon (D)
  Erica (D)
  2 centaur warriors (D)
  4 dancing weapons (D)
  5 orc high priests (D)
  An orc knight (D)
  Joseph (D)
  A deep elf pyromancer (D)
  3 ugly things (D)
  An orc sorcerer (D)
  A cyclops (shapeshifter) (D)
  An unseen horror (D)
  A queen bee (D)
  4 spriggan defenders (D)
  2 wandering mushrooms (D)
  A dream sheep (shapeshifter) (D)
  3 slime creatures (D)
  A shadow (D)
  2 orc warriors (D)
  2 centaurs (D)
  An earth elemental (D)
  A necrophage (D)
  A water elemental (D)
  32 killer bees (D)
  A jelly (D)
  2 orc priests (D)
  A wizard (D)
  A necromancer (D)
  5 orc wizards (D)
  3 humans (D)
  A kobold demonologist (D)
  A phantom (D)
  6 orcs (D)
  An endoplasm (D)
  3 rats (D)
99 creatures vanquished.

Vanquished Creatures (others)
  A wandering mushroom (D)
  A bush (D)
  9 plants (D)
11 creatures vanquished.

Grand Total: 110 creatures vanquished

Notes
Turn   | Place    | Note
-------+----------+-------------------------------------------
     0 | D        | mhtbhm the Spriggan Brigand began the quest for the Orb.
     0 | D        | Reached XP level 1. HP: 10/10 MP: 2/2
     9 | D        | Reached skill level 6 in Stealth
   123 | D        | Reached skill level 7 in Stealth
   163 | D        | Reached skill level 9 in Stealth
   163 | D        | Reached XP level 2. HP: 12/15 MP: 3/3
   244 | D        | Gained mutation: You sometimes lose your temper in combat.
                  | [potion of mutation]
   244 | D        | Gained mutation: You have large cloven feet. [potion of
                  | mutation]
   250 | D        | Lost mutation: You sometimes lose your temper in combat.
                  | [potion of mutation]
   250 | D        | Lost mutation: You have large cloven feet. [potion of
                  | mutation]
   250 | D        | Gained mutation: You occasionally lose the ability to read
                  | scrolls when taking damage. [potion of mutation]
   250 | D        | Gained mutation: You have a pair of small antennae on your
                  | head. [potion of mutation]
   251 | D        | Lost mutation: You occasionally lose the ability to read
                  | scrolls when taking damage. [potion of mutation]
   251 | D        | Lost mutation: You have a pair of small antennae on your
                  | head. [potion of mutation]
   251 | D        | Gained mutation: You are strong-willed. (Will+) [potion of
                  | mutation]
   258 | D        | Noticed a water elemental
   261 | D        | Killed a water elemental
   262 | D        | Reached skill level 12 in Stealth
   262 | D        | Reached XP level 3. HP: 19/19 MP: 4/4
   262 | D        | Reached XP level 4. HP: 23/23 MP: 5/5
   272 | D        | Found a shadowy altar of Dithmenos.
   272 | D        | Noticed a necrophage
   273 | D        | Found a basalt altar of Yredelemnul.
   273 | D        | Found a sacrificial altar of Ru.
   275 | D        | Reached skill level 13 in Stealth
   277 | D        | Became a worshipper of Dithmenos the Shadowed
   278 | D        | Killed a necrophage
   279 | D        | Reached skill level 14 in Stealth
   279 | D        | Reached XP level 5. HP: 28/28 MP: 5/7
   313 | D        | Found a radiant altar of Vehumet.
   314 | D        | Found a shimmering blue altar of Sif Muna.
   314 | D        | Found an ancient bone altar of Kikubaaqudgha.
   317 | D        | Reached * piety under Dithmenos
   318 | D        | Reached skill level 15 in Stealth
   332 | D        | Learned a level 2 spell: Wereblood
   333 | D        | Found a glowing silver altar of Zin.
   334 | D        | Found a glowing golden altar of the Shining One.
   334 | D        | Found a white marble altar of Elyvilon.
   334 | D        | Noticed a deep elf pyromancer
   336 | D        | Killed a deep elf pyromancer
   337 | D        | Reached skill level 5 in Short Blades
   337 | D        | Reached skill level 18 in Stealth
   337 | D        | Reached skill level 5 in Invocations
   337 | D        | Reached XP level 6. HP: 33/33 MP: 8/11
   337 | D        | Reached XP level 7. HP: 37/37 MP: 8/12
   372 | D        | Found a hide-covered altar of Uskayaw.
   372 | D        | Found an iron altar of Okawaru.
   373 | D        | Found a bloodstained altar of Trog.
   373 | D        | Found an ornate altar of the Wu Jian Council.
   373 | D        | Noticed a human
   373 | D        | Noticed a human
   421 | D        | Killed a human
   422 | D        | Reached skill level 19 in Stealth
   473 | D        | Killed a human
   473 | D        | Reached ** piety under Dithmenos
   537 | D        | Noticed a shadow
   539 | D        | Killed a shadow
   540 | D        | Reached skill level 20 in Stealth
   540 | D        | Reached XP level 8. HP: 42/42 MP: 13/13
   545 | D        | Found a blossoming altar of Fedhas.
   545 | D        | Found a stormy altar of Qazlal.
   546 | D        | Found a snail-covered altar of Cheibriados.
   546 | D        | Found a burning altar of Makhleb.
   546 | D        | Found a hazy altar of Hepliaklqana.
   546 | D        | Found a shimmering altar of Xom.
   546 | D        | Found an opulent altar of Gozag.
   546 | D        | Found a sparkling altar of Nemelex Xobeh.
   546 | D        | Found a corrupted altar of Lugonu.
   546 | D        | Found a viscous altar of Jiyva.
   665 | D        | Noticed Erica
   687 | D        | Killed Erica
   688 | D        | Reached skill level 21 in Stealth
   870 | D        | Reached *** piety under Dithmenos
   876 | D        | Noticed a centaur warrior
   880 | D        | Killed a centaur warrior
   881 | D        | Reached skill level 22 in Stealth
   881 | D        | Reached XP level 9. HP: 46/46 MP: 14/16
   882 | D        | Reached skill level 23 in Stealth
   894 | D        | Noticed an unseen horror
   896 | D        | Killed an unseen horror
   896 | D        | Reached **** piety under Dithmenos
   901 | D        | Noticed a wandering mushroom
   905 | D        | Noticed a wandering mushroom
   907 | D        | Noticed a wandering mushroom
   908 | D        | Killed a wandering mushroom
   909 | D        | Reached skill level 5 in Dodging
  1521 | D        | Noticed a queen bee
  1525 | D        | Reached ***** piety under Dithmenos
  1525 | D        | Reached ****** piety under Dithmenos
  1526 | D        | Reached skill level 5 in Fighting
  1526 | D        | Reached skill level 10 in Throwing
  1526 | D        | Reached skill level 24 in Stealth
  1526 | D        | Reached XP level 10. HP: 51/51 MP: 16/18
  1527 | D        | Reached skill level 25 in Stealth
  1527 | D        | Reached skill level 10 in Invocations
  1527 | D        | Reached skill level 1 in Evocations
  1676 | D        | Noticed an orc knight
  1676 | D        | Noticed an orc sorcerer
  1678 | D        | Noticed an orc high priest
  1683 | D        | Killed an orc sorcerer
  1698 | D        | Killed an orc knight
  1699 | D        | Reached skill level 1 in Spellcasting
  1699 | D        | Reached skill level 1 in Transmutations
  1714 | D        | Noticed a rust devil
  1817 | D        | Killed an orc high priest
  1818 | D        | Reached skill level 26 in Stealth
  1840 | D        | Found Riulag's Magic Scroll Shop.
  1910 | D        | Bought a scroll of blinking for 82 gold pieces
  1960 | D        | Noticed Harold
  1960 | D        | Noticed Joseph
  1962 | D        | Killed Joseph
  1963 | D        | Killed Harold
  1964 | D        | Reached XP level 11. HP: 51/56 MP: 15/20
  2001 | D        | Noticed a soul eater
  2006 | D        | Reached skill level 27 in Stealth
  2159 | D        | Noticed an obsidian statue
  2170 | D        | Found Porghut's Antique Weapon Emporium.
  2170 | D        | Found Huota's Weapon Shop.
  2170 | D        | Found Jejefi's Armour Shoppe.
  2170 | D        | Found Tuynnous's Antique Armour Emporium.
  2170 | D        | Found Weubuj's Antique Armour Shop.
  2170 | D        | Found Vonuosut's Book Emporium.
  2170 | D        | Found Emah's Distillery.
  2171 | D        | Found Joudwe's Antique Weapon Boutique.
  2171 | D        | Found Peaph's Magic Scroll Shoppe.
  2171 | D        | Found Ciunlugu's Jewellery Shop.
  2171 | D        | Found Naclum's Jewellery Emporium.
  2208 | D        | Bought a twisted robe for 153 gold pieces
  2208 | D        | Identified the +1 robe of Baupies {rCorr Slay+4 Stlth+}
                  | (You bought it in a shop in the Dungeon)
  2233 | D        | Bought a scroll of enchant weapon for 82 gold pieces
  2233 | D        | Bought 3 scrolls of enchant weapon for 247 gold pieces
  2257 | D        | Reached skill level 10 in Short Blades
  2389 | D        | Noticed a cyan ugly thing
  2390 | D        | Killed a cyan ugly thing
  2400 | D        | Noticed a centaur warrior
  2404 | D        | Killed a centaur warrior
  2426 | D        | Noticed a cyan ugly thing
  2429 | D        | Killed a cyan ugly thing
  2436 | D        | Noticed a fire dragon
  2440 | D        | Killed a fire dragon
  2449 | D        | Noticed a +1 long sword of holy wrath
  2449 | D        | Noticed a +5 morningstar of freezing
  2449 | D        | Noticed a +2 dire flail of distortion
  2450 | D        | Noticed a +6 dire flail of protection
  2451 | D        | Killed a +5 morningstar of freezing
  2452 | D        | Reached skill level 10 in Dodging
  2453 | D        | Killed a +6 dire flail of protection
  2455 | D        | Killed a +1 long sword of holy wrath
  2457 | D        | Killed a +2 dire flail of distortion
  2460 | D        | Identified the +8 lajatang of Flawed Execution {protect,
                  | +Blink rF+ Int+3}
  2480 | D        | Noticed a red ugly thing
  2484 | D        | Killed a red ugly thing
  2495 | D        | Noticed a yaktaur captain
  2539 | D        | Shot with a bolt by a yaktaur captain

Illustrated notes

Levels and vault maps discovered:
D:        dungeon_sprint_mu [sprint_mu_entry_cave, sprint_mu_temple_rooms,
          sprint_mu_d1_horrors, sprint_mu_d2_genie, sprint_mu_d3_branching,
          sprint_mu_orc_legion, sprint_mu_elf_gauntlet, sprint_mu_hive_nellie,
          sprint_mu_lair_fedhas, sprint_mu_vaults_butterflies,
          sprint_mu_slime_circle, sprint_mu_shoals_archi,
          sprint_mu_snake_twists, sprint_mu_blade_basic, sprint_mu_crypt_lich,
          sprint_mu_tomb_spiral, sprint_mu_vestibule_basic,
          sprint_mu_gehenna_hellfire, sprint_mu_dis_giant,
          sprint_mu_tartarus_statrot, sprint_mu_cocytus_islands, sprint_mu_zot1]

Skill      XL: |  1  2  3  4  5  6  7  8  9 10 11 |
---------------+----------------------------------+-----
Stealth        | 9 12 14 18 20 22 24 26 27 | 27.0
Fighting       | 2 3 4 5 6 |  6.3
Short Blades   | 3 4 5 6 7 9 12 | 12.3
Throwing       | 3 4 6 7 9 10 11 12 | 12.7
Dodging        | 2 3 4 5 7 11 | 11.3
Invocations    | 2 5 6 8 9 11 14 | 14.0
Evocations     | 2 4 |  4.6
Spellcasting   | 2 4 |  4.0
Transmutations | 2 4 |  4.4

Action                   |  1- 3 |  4- 6 |  7- 9 | 10-12 || total
-------------------------+-------+-------+-------+-------++-------
Melee: Dagger            |    10 |     5 |    93 |    72 ||   180
       Punch             |       |       |     2 |       ||     2
       Quick blade       |       |       |       |    10 ||    10
Throw: Dart              |     9 |       |    21 |     4 ||    34
 Cast: Wereblood         |       |       |       |     1 ||     1
Invok: Shadow Step       |       |       |       |     3 ||     3
Evoke: Condenser vane    |       |       |     2 |     3 ||     5
       Wand              |       |       |       |     1 ||     1
  Use: Potion            |     3 |       |     1 |     1 ||     5
       Scroll            |       |       |       |     2 ||     2
 Stab: Sleeping          |     3 |     5 |     8 |    17 ||    33
       Distracted        |       |       |       |     1 ||     1
Armor: Robe              |       |       |     6 |     2 ||     8
Dodge: Dodged            |     2 |       |    45 |    30 ||    77

Table legend: (Time is in decaauts)
 A = Elapsed time spent in this place.
 B = Non-inter-level travel time spent in this place.
 C = Inter-level travel time spent in this place.
 D = Time resting spent in this place.
 E = Time spent auto-exploring this place.
 F = Levels seen in this place.
 G = Mean time per level.
                   A        B        C        D        E       F      G
               +--------+--------+--------+--------+--------+-----+--------+
         Total |   2139 |   2139 |      0 |   1263 |    123 |   1 | 2139.0 |
       Dungeon |   2139 |   2139 |      0 |   1263 |    123 |   1 | 2139.0 |
               +--------+--------+--------+--------+--------+-----+--------+

Top non-repeatable levels by time:
       D: 2139 daAuts
